 Dungeon Crawl Stone Soup version 0.29.0-4-gdea44cf6ec (webtiles) character file.

Game seed: 12903139313704535807

36 qw the Chopper (level 3, -2/21 HPs)
             Began as a Tengu Warper on Aug 28, 2022.
             Killed from afar by Natasha (3 damage)
             ... with a magic dart
             ... on level 2 of the Dungeon.
             The game lasted 00:00:06 (1106 turns).

qw the Chopper (Tengu Warper)                       Turns: 1106, Time: 00:00:06

Health: -2/21      AC:  5    Str: 13    XL:     3   Next: 37%
Magic:  7/7        EV: 11    Int: 13    God:
Gold:   57         SH:  0    Dex: 13    Spells: 6/6 levels left

rFire   . . .      SeeInvis .   Y - +0 hand axe
rCold   . . .      Faith    .   (no shield)
rNeg    . . .      Spirit   .   e - +0 ring mail
rPois   .          Reflect  .   (helmet restricted)
rElec   .          Harm     .   (no cloak)
rCorr   .          Rampage  .   (no gloves)
Will    .....                   (boots unavailable)
Stlth   +.........              (no amulet)
HPRegen 0.07/turn               (no ring)
MPRegen 0.10/turn               (no ring)

@: no status effects
A: beak, talons 3
a: no special abilities


You were on level 2 of the Dungeon.
You visited 1 branch of the dungeon, and saw 2 of its levels.

You collected 57 gold pieces.


Innate Abilities, Weirdness & Mutations

You have a beak for a mouth.
You have claws for feet.


   Skills:
 - Level 2.0 Fighting
 + Level 4.1 Axes
 - Level 1.0 Throwing
 - Level 1.1 Armour
 - Level 2.1 Dodging
 - Level 2.0 Spellcasting
 - Level 2.4 Translocations


You had 6 spell levels left.
You didn't know any spells.
Your spell library contained the following spells:

 Spells                   Type           Power      Damage    Failure   Level
 Blink                    Tloc           14%        N/A       30%         2
 Gell's Gravitas          Tloc           7%         N/A       52%         3
 Lesser Beckoning         Tloc           7%         N/A       52%         3
 Teleport Other           Tloc           7%         N/A       52%         3
 Manifold Assault         Tloc           7%         N/A       99%         5

Inventory:

Hand Weapons
 f - a +0 whip
 Y - a +0 hand axe (weapon)
Armour
 e - a +0 ring mail (worn)
Potions
 g - a potion of heal wounds {unknown}

Dungeon Overview and Level Annotations

Branches:
Dungeon (2/15)

Altars:

Annotations:
D:2 Natasha


Message History

There is a stone staircase leading up here.
Natasha is nearby!
Existing waypoints: (2) D:1 Assign waypoint to what number? (0-9, D - delete waypoint) Waypoint 1 assigned to D:2.
Found 7 gold pieces.
You barely miss Natasha. Your kick misses Natasha.
An adder comes into view.
Natasha claws you.
You completely miss Natasha.
The adder hisses angrily.
Your kick misses Natasha. Your peck misses Natasha.
Natasha casts a spell.
You hit the shadow imp.
You claw the shadow imp, but do no damage.
You peck the shadow imp.
The shadow imp is moderately wounded.
You hit Natasha. Natasha claws you!
A frilled lizard comes into view.
The shadow imp gestures at you. Pain shoots through your body!
You hit the shadow imp but do no damage.
The shadow imp is moderately wounded.
You closely miss Natasha. Natasha barely misses you.
The shadow imp hits you but does no damage.
You hit the shadow imp. Your kick misses the shadow imp.
The shadow imp is almost dead.
You hit Natasha. Natasha barely misses you. The shadow imp hits you.
You hit the shadow imp but do no damage.
Your kick misses the shadow imp. You peck the shadow imp.
You kill the shadow imp!
The shadow imp disappears in a puff of smoke!
You hit Natasha.
Natasha stares at you and mumbles some strange words.
The magic dart hits you.
You die...

.# #. ###.##
..#....#
.#....#
.....#
#....######
#........$.
#<ยค.S......
#..@h......
#####......
..... ....
l.. .. .


You could see Natasha, an adder and a frilled lizard.

Vanquished Creatures
  A dart slug (D:1)
  2 bats (D:1)
  2 endoplasms (D:1)
  3 giant cockroaches (D:1)
  2 goblins (D:1)
  4 hobgoblins (D:1)
  4 jackals (D:1)
  2 kobolds (D:1)
  2 quokkas (D:1)
  2 ball pythons (D:1)
  3 rats (D:1)
27 creatures vanquished.

Notes
Turn   | Place    | Note
-------+----------+-------------------------------------------
     0 | D:1      | qw the Tengu Warper began the quest for the Orb.
     0 | D:1      | Reached XP level 1. HP: 12/12 MP: 4/4
     0 | D:1      | 0 ||| qw: Version: 0.1-a-89-g26bdef1
     0 | D:1      | 0 ||| qw: Game counter: 1775
     0 | D:1      | 0 ||| qw: Always use a shield: true
     0 | D:1      | 0 ||| qw: God list: Okawaru
     0 | D:1      | 0 ||| qw: Allow faded altars: false
     0 | D:1      | 0 ||| qw: Do Orc after D:15 true
     0 | D:1      | 0 ||| qw: Do second Lair branch before Depths: true
     0 | D:1      | 0 ||| qw: Lair rune preference: random
     0 | D:1      | 0 ||| qw: Plans: Normal
     0 | D:1      | 0 ||| PLANNING D:1-11
   203 | D:1      | Reached skill level 3 in Axes
   203 | D:1      | Reached XP level 2. HP: 14/17 MP: 6/6
   325 | D:1      | 325 ||| Stepping ~*~*~tactically~*~*~ (stealth).
   328 | D:1      | 328 ||| Stepping ~*~*~tactically~*~*~ (stealth).
   329 | D:1      | 329 ||| Stepping ~*~*~tactically~*~*~ (stealth).
   330 | D:1      | 330 ||| Stepping ~*~*~tactically~*~*~ (stealth).
   331 | D:1      | 331 ||| Stepping ~*~*~tactically~*~*~ (stealth).
   333 | D:1      | 333 ||| Stepping ~*~*~tactically~*~*~ (stealth).
   334 | D:1      | 334 ||| Stepping ~*~*~tactically~*~*~ (stealth).
   335 | D:1      | 335 ||| Stepping ~*~*~tactically~*~*~ (stealth).
   361 | D:1      | 361 ||| Stepping ~*~*~tactically~*~*~ (hiding).
   373 | D:1      | Reached XP level 3. HP: 7/21 MP: 7/7
   373 | D:1      | HP: 5/21 [dart slug (2)]
   645 | D:1      | Reached skill level 4 in Axes
  1064 | D:1      | 1064 ||| UPGRADING to +0 ring mail.
  1074 | D:1      | 1074 ||| DROPPING +0 leather armour.
  1075 | D:1      | 1075 ||| READING scroll labelled ADATIE IGIVUE.
  1076 | D:1      | 1076 ||| DROPPING scroll of blinking.
  1098 | D:2      | Noticed Natasha
  1103 | D:2      | HP: 3/21 [shadow imp/nerve-wracking pain[Natasha] (9)]
  1105 | D:2      | HP: 1/21 [shadow imp[Natasha] (3)]
  1106 | D:2      | Killed from afar by Natasha

Levels and vault maps discovered:
D:1:      dpeg_arrival_brainrot, layout_loops_ring
D:2:      cheibrodos_old_hovel, layout_rooms, uniq_natasha, uniq_jessica,
          uniq_crazy_yiuf_cottage

Skill      XL: |  1  2  3 |
---------------+----------+-----
Axes           | 3 4 |  4.1
Fighting       | |  2.0
Throwing       | |  1.0
Armour         | |  1.1
Dodging        | |  2.1
Spellcasting   | |  2.0
Translocations | |  2.4

Action                   || total
-------------------------++-------
Melee: Hand axe          ||    54
       Kick              ||    15
       Peck              ||     8
Throw: Boomerang         ||     7
  Use: Scroll            ||     1
 Stab: Sleeping          ||     1
Armor: Leather armour    ||    15
       Ring mail         ||     1
Dodge: Dodged            ||    35

Table legend:
 A = Non-vault XP
 B = Vault XP
 C = Vault XP percentage of total XP
 D = Non-vault monster count
 E = Vault monster count
 F = Vault count percentage of total count
                 A         B        C        D         E       F
            +---------+---------+-------+---------+---------+-------
      Total |      52 |       0 |   0.0 |      27 |       0 |   0.0
            +---------+---------+-------+---------+---------+-------
        D:1 |      52 |       0 |   0.0 |      27 |       0 |   0.0
            +---------+---------+-------+---------+---------+-------
